Map: Polka LE

Players

Mallazo

  • Race: Zerg Zerg
  • League: Diamond
  • Spawn Location: 5:00

TheEviL

  • Race: Terran Terran
  • League: Diamond
  • Spawn Location: 5:00

qqq - Winner!

  • Race: Protoss Protoss
  • League: Platinum
  • Spawn Location: 11:00

Massa - Winner!

  • Race: Terran Terran
  • League: Platinum
  • Spawn Location: 11:00

VOD

Have the link to the VOD?

Description

Time

  • Played on: Dec. 24, 2020, noon
  • Length: 21:24
Show
View Real Time Build Order
Export as new Build Order

Mallazo Zerg 

Build Orders: Hatch First, Lurkers 

Get SALT Encoding   

  12  0:00  Drone  
  13  0:12  Overlord  
  13  0:16  Drone  
  14  0:31  Drone x2  
  16  0:52  Drone  
  16  0:54  Hatchery  
  16  0:55  Drone  
  17  0:58  Drone  
  18  1:04  Extractor  
  18  1:07  Drone  
  18  1:21  Drone, Spawning Pool  
  18  1:28  Drone  
  19  1:39  Drone  
  20  1:56  Drone  
  21  2:03  Drone  
  21  2:07  Drone  
  23  2:11  Extractor, Lair  
  22  2:19  Drone  
  23  2:24  Drone x2  
  23  2:27  Drone  
  26  2:38  Drone x2  
  28  2:48  Overlord  
  28  2:58  Overlord  
  28  3:05  Drone, Queen, Overlord  
  28  3:06  Drone  
  28  3:11  Drone  
  27  3:15  Drone  
  26  3:30  Spire  
  26  3:34  Drone x3  
  27  3:38  Drone  
  29  3:42  Drone  
  30  3:49  Extractor  
  30  3:50  Drone, Extractor  
  30  3:53  Drone  
  30  3:56  Queen  
  30  3:59  Drone  
  33  4:03  Drone  
  33  4:09  Drone  
  35  4:15  Drone  
  36  4:19  Drone x2  
  38  4:43  Mutalisk  
  38  4:44  Mutalisk x4  
  48  4:46  Mutalisk  
  48  4:51  Overseer  
  50  5:02  Mutalisk  
  52  5:12  Zerg Flyer Weapons Level 1  
  52  5:13  Overlord x3  
  52  5:24  Overlord  
  52  5:25  Overlord  
  52  5:31  Mutalisk x2  
  56  5:45  Mutalisk  
  58  5:55  Mutalisk  
  58  5:56  Mutalisk  
  62  6:09  Mutalisk  
  64  6:18  Mutalisk  
  64  6:33  Mutalisk x2  
  64  6:34  Hatchery  
  67  6:43  Mutalisk  
  69  6:58  Mutalisk  
  71  7:07  Mutalisk  
  67  7:23  Mutalisk  
  67  7:24  Mutalisk  
  65  7:42  Mutalisk x2  
  45  8:07  Drone  
  45  8:08  Drone x7  
  45  8:10  Drone  
  54  8:17  Zerg Flyer Weapons Level 2  
  54  8:18  Hydralisk Den  
  53  8:20  Spore Crawler  
  48  8:28  Spore Crawler  
  48  8:29  Drone  
  48  8:30  Drone x3  
  51  8:45  Drone  
  51  8:46  Drone x9  
  61  8:53  Grooved Spines  
  61  8:54  Hydralisk  
  61  8:55  Hydralisk  
  63  9:02  Drone  
  66  9:03  Drone, Evolution Chamber  
  66  9:04  Queen, Evolution Chamber  
  66  9:07  Overlord  
  67  9:14  Hydralisk x3  
  67  9:16  Overlord x2  
  73  9:24  Drone  
  73  9:27  Extractor x2  
  73  9:30  Zerg Missile Weapons Level 1, Zerg Ground Armor Level 1  
  72  9:32  Hydralisk  
  72  9:33  Hydralisk x4  
  82  9:41  Infestation Pit  
  82  9:45  Drone x5  
  84  9:46  Drone  
  84  9:51  Drone x3  
  84  9:52  Drone  
  91  9:59  Hydralisk  
  91  10:00  Hydralisk  
  91  10:01  Overseer  
  91  10:04  Muscular Augments  
  91  10:05  Pneumatized Carapace  
  95  10:07  Overlord x2  
  95  10:24  Spore Crawler  
  95  10:25  Hydralisk x2  
  95  10:26  Hydralisk  
  95  10:28  Spine Crawler  
  99  10:31  Drone x2, Hatchery  
  99  10:33  Drone x3  
  103  10:35  Overlord  
  103  10:41  Hive  
  103  10:48  Lurker Den  
  102  10:51  Hydralisk x3  
  108  11:03  Drone x9  
  111  11:27  Zerg Missile Weapons Level 2  
  111  11:28  Zerg Ground Armor Level 2  
  111  11:30  Hydralisk  
  113  11:35  Queen  
  113  11:36  Spore Crawler  
  113  11:37  Spore Crawler  
  113  11:39  Overlord x3  
  113  11:40  Overlord  
  113  11:41  Overlord  
  113  11:52  Queen  
  115  12:01  Hydralisk  
  115  12:02  Hydralisk x9  
  115  12:06  Seismic Spines  
  135  12:12  Spore Crawler  
  135  12:15  Spore Crawler  
  133  12:22  Hydralisk  
  133  12:23  Hydralisk x5  
  145  12:32  Extractor  
  145  12:34  Extractor  
  143  12:38  Drone x2  
  143  12:39  Drone x4  
  143  12:40  Drone  
  150  12:50  Hatchery  
  149  12:57  Lurker x2  
  149  12:58  Lurker x5  
  156  12:59  Lurker  
  156  13:03  Adaptive Talons  
  157  13:07  Drone x3  
  157  13:08  Overlord x2  
  157  13:09  Overlord x5  
  157  13:10  Overlord  
  160  13:15  Spore Crawler  
  159  13:33  Hydralisk x9  
  171  13:35  Hydralisk  
  179  13:47  Zerg Missile Weapons Level 3, Zerg Ground Armor Level 3  
  179  14:08  Viper x2  
  185  14:14  Zerg Flyer Armor Level 1  
  185  14:27  Viper  
  185  14:30  Drone x7  
  185  14:31  Drone x5  
  157  15:10  Hydralisk x5  
  157  15:11  Hydralisk x4  
  175  15:24  Lurker x2  
  175  15:25  Lurker x4  
  181  15:28  Drone  
  181  15:29  Drone x16  
  198  15:49  Extractor  
  197  16:08  Zerg Flyer Weapons Level 3  
  197  16:10  Spore Crawler  
  197  16:11  Drone x4  
  198  16:13  Hatchery, Extractor  
  189  16:56  Hydralisk  
  189  16:57  Hydralisk x4  
  196  17:09  Hydralisk x2  
  195  17:33  Hydralisk x2  
  195  17:34  Hydralisk  
  194  17:43  Hydralisk  
  184  17:44  Hydralisk x7  
  184  17:50  Hydralisk  
  188  18:06  Hydralisk  
  188  18:07  Hydralisk x5  
  192  18:29  Extractor  
  192  18:33  Hydralisk x13  
  195  18:46  Hydralisk x5  
  195  18:47  Hydralisk x3  
  179  18:56  Hydralisk x3  
  179  19:02  Hydralisk  
  153  19:03  Queen, Hydralisk  
  143  19:12  Queen  
  145  19:19  Hydralisk x7  
  159  19:30  Hydralisk x4  
  133  19:46  Hydralisk  
  133  19:47  Hydralisk x7  
  134  20:08  Hydralisk x3  
  134  20:09  Hydralisk  
  87  20:22  Zergling x2  
  70  20:48  Hydralisk x3  
  66  20:50  Zergling x16  
  66  20:51  Zergling x22  
Show
View Real Time Build Order
Export as new Build Order

TheEviL Terran 

Build Orders:  

Get SALT Encoding   

  12  0:00  SCV  
  13  0:13  SCV  
  14  0:18  Supply Depot  
  14  0:25  SCV  
  15  0:39  SCV  
  15  0:40  Barracks  
  16  0:49  Refinery  
  16  0:55  SCV  
  17  1:00  Barracks  
  17  1:12  SCV  
  18  1:27  Marine  
  18  1:30  Bunker  
  19  1:44  Marine  
  20  1:48  Marine  
  21  2:02  Marine  
  22  2:16  Marine  
  23  2:23  Marine  
  23  2:30  Factory  
  23  2:33  Refinery  
  23  2:53  Marine  
  23  2:55  SCV  
  23  2:56  Marine  
  22  3:10  Orbital Command  
  23  3:26  Barracks Tech Lab  
  22  3:28  Barracks Tech Lab, Factory Tech Lab  
  22  3:32  Supply Depot  
  21  3:43  SCV  
  21  3:44  Starport, Command Center  
  21  3:47  Marine  
  23  3:53  Marine  
  23  3:55  SCV  
  25  3:59  Barracks  
  25  4:04  Marine  
  25  4:09  Combat Shield  
  26  4:10  Stimpack  
  26  4:23  Medivac  
  28  4:30  SCV  
  29  4:32  Marine x2  
  31  4:44  SCV  
  31  4:50  Marine  
  31  4:59  Barracks Reactor  
  30  5:01  Marine  
  31  5:11  Supply Depot  
  31  5:15  Cyclone, Marine  
  31  5:18  Orbital Command  
  31  5:19  Marine  
  36  5:27  Medivac  
  38  5:30  SCV  
  38  5:33  Marine  
  39  5:36  Marine  
  39  5:37  Marine  
  40  5:54  Marine x3  
  40  5:56  Marine  
  43  6:02  SCV x2  
  45  6:12  Marine  
  45  6:14  SCV x2, Marine  
  45  6:16  Marine  
  50  6:19  Widow Mine  
  52  6:26  SCV  
  52  6:27  SCV  
  54  6:58  Marine  
  54  7:00  SCV, Marine x2  
  54  7:01  Marine  
  50  7:16  Marine  
  50  7:18  Marine x2  
  50  7:19  Marine  
  54  7:35  Supply Depot  
  54  7:38  SCV, Marine  
  54  7:42  SCV  
  54  7:43  Marine x2  
  54  7:44  Marine  
  54  7:48  Supply Depot  
  54  7:50  SCV  
  52  7:54  SCV  
  52  7:56  Marine  
  52  7:57  Medivac  
  56  8:01  Marine x2  
  56  8:02  SCV, Marine  
  56  8:03  Engineering Bay  
  60  8:06  SCV  
  61  8:14  Marine  
  61  8:18  SCV, Marine  
  61  8:19  Marine  
  65  8:20  Marine  
  65  8:24  SCV  
  67  8:27  Refinery  
  67  8:29  Refinery  
  67  8:31  SCV  
  67  8:32  Marine  
  69  8:36  SCV  
  70  8:59  Marine  
  70  9:00  SCV  
  70  9:02  Marine  
  70  9:04  SCV  
  70  9:15  Missile Turret  
  70  9:16  Missile Turret  
  70  9:20  SCV, Marine  
  70  9:26  Command Center  
  70  9:32  Supply Depot  
  70  9:36  Starport Tech Lab  
  70  9:41  Fusion Core  
  70  9:42  Terran Infantry Weapons Level 1  
  70  9:44  Starport  
  70  9:49  Supply Depot  
  70  9:51  Missile Turret  
  70  9:53  SCV, Marine x4  
  75  10:04  Armory  
  75  10:07  Armory  
  75  10:11  SCV x2, Marine x4, Missile Turret  
  75  10:12  Missile Turret  
  81  10:22  Starport Tech Lab  
  81  10:23  SCV  
  82  10:29  Marine x4  
  86  10:38  Battlecruiser  
  86  10:40  Orbital Command  
  86  10:42  SCV x2  
  94  10:43  Sensor Tower  
  94  10:46  Marine x3  
  97  10:54  SCV x2  
  99  10:57  Supply Depot  
  99  10:59  Supply Depot  
  99  11:00  Supply Depot  
  99  11:04  Marine x2  
  99  11:06  Refinery, SCV  
  100  11:22  Battlecruiser  
  100  11:23  Weapon Refit  
  106  11:28  Marine x2  
  106  11:32  Missile Turret  
  108  11:36  Terran Infantry Armor Level 1  
  108  11:40  Missile Turret  
  108  11:41  Terran Vehicle And Ship Armor Level 1, Terran Ship Weapons Level 1  
  108  11:44  Battlecruiser  
  114  11:59  SCV  
  114  12:00  Starport  
  115  12:07  Refinery  
  115  12:14  Command Center  
  115  12:27  Battlecruiser  
  120  12:59  Battlecruiser  
  125  13:14  Starport Tech Lab  
  124  13:30  Terran Infantry Weapons Level 2  
  124  13:31  Marine x4, Battlecruiser  
  124  13:32  Planetary Fortress  
  133  13:49  Marine x4  
  133  14:04  Battlecruiser  
  133  14:07  Marine x3  
  140  14:13  Marine  
  88  14:24  Marine x2  
  88  14:25  Marine  
  91  14:31  Marine  
  91  14:35  Battlecruiser  
  98  14:40  Battlecruiser  
  98  14:42  Marine x2  
  98  14:43  Marine  
  107  14:47  Command Center  
  107  14:49  Marine  
  102  15:00  Marine x3  
  97  15:07  Marine  
  97  15:08  Battlecruiser  
  104  15:18  Marine x3  
  104  15:19  SCV x2  
  110  15:24  Marine  
  110  15:31  SCV x2  
  110  15:33  Terran Vehicle And Ship Armor Level 2, Terran Ship Weapons Level 2  
  112  15:36  Marine x3  
  112  15:42  Marine  
  115  15:45  Terran Infantry Armor Level 2  
  116  15:50  Orbital Command  
  116  15:53  Marine  
  116  15:54  Marine x2  
  119  16:00  Marine  
  119  16:02  Supply Depot  
  119  16:03  Supply Depot  
  120  16:05  Supply Depot  
  120  16:10  Missile Turret x2  
  120  16:11  Marine x2, Missile Turret  
  120  16:12  Refinery, Marine  
  120  16:14  Refinery, Medivac x2  
  120  16:18  Marine  
  127  16:24  Supply Depot  
  128  16:27  Supply Depot  
  128  16:29  Marine x3  
  128  16:30  Supply Depot  
  131  16:36  Marine  
  131  16:44  Medivac  
  127  16:47  Marine x3  
  127  16:54  Marine, Command Center  
  131  16:58  Command Center  
  110  17:05  Marine x3  
  107  17:11  Marine  
  108  17:22  Marine  
  108  17:23  Marine x2  
  108  17:29  Marine  
  94  17:40  Marine x2  
  94  17:41  Marine  
  95  17:47  Marine  
  94  17:58  Marine x2  
  94  17:59  Marine  
  94  18:05  Marine  
  98  18:08  Battlecruiser x2  
  110  18:16  Marine x3  
  102  18:23  Marine  
  86  18:32  Orbital Command x3  
  86  18:34  Marine x3  
  86  18:38  Barracks  
  86  18:40  Marine  
  86  18:41  Barracks x2, Medivac  
  90  18:42  Barracks  
  90  18:45  Barracks  
  92  18:52  Marine x3  
  95  18:58  Marine  
  96  19:09  Marine x2  
  96  19:10  Marine  
  96  19:11  Medivac  
  96  19:16  Marine  
  99  19:24  Medivac  
  99  19:25  Medivac  
  99  19:27  Marine x2  
  99  19:28  Marine x5  
  110  19:31  Marine  
  110  19:34  Marine  
  112  19:41  Medivac  
  112  19:45  Marine x3  
  115  19:46  Marine x4  
  115  19:49  Marine  
  115  19:52  Marine  
  123  19:59  Command Center  
  123  20:03  Marine x4  
  123  20:04  Marine x3  
  130  20:07  Marine  
  130  20:09  Marine  
  111  20:21  Marine x5  
  84  20:22  Marine x2  
  84  20:25  Marine  
  84  20:27  Marine  
  92  20:38  Marine  
  92  20:39  Marine x5  
  92  20:40  Marine  
  99  20:43  Marine  
  99  20:45  Marine  
  90  20:56  Marine x2  
  90  20:57  Marine x4  
  83  21:03  Marine  
  71  21:06  Barracks  
  71  21:08  Barracks  
  71  21:11  Barracks x2  
  69  21:13  Barracks  
  69  21:14  Barracks  
  69  21:15  Barracks  
  71  21:19  Barracks  
  71  21:21  Barracks  
  71  21:22  Barracks  
Show
View Real Time Build Order
Export as new Build Order

qqq Protoss - Winner!

Build Orders: Cannon Rush, Carriers 

Get SALT Encoding   

  12  0:00  Probe  
  13  0:12  Probe  
  14  0:19  Pylon  
  14  0:26  Probe  
  15  0:40  Forge  
  15  0:44  Probe  
  16  0:56  Probe  
  17  1:19  Pylon  
  17  1:21  Pylon  
  17  1:27  Pylon  
  17  1:39  Photon Cannon  
  16  1:50  Photon Cannon  
  16  1:52  Photon Cannon  
  16  2:03  Photon Cannon  
  16  2:11  Photon Cannon  
  16  2:13  Photon Cannon  
  16  2:18  Pylon  
  16  2:31  Pylon  
  16  2:34  Pylon  
  16  2:43  Pylon  
  15  3:12  Probe  
  16  3:16  Nexus  
  16  3:20  Gateway  
  16  3:28  Probe  
  16  3:33  Assimilator  
  17  3:39  Assimilator  
  17  3:40  Probe  
  18  3:53  Probe (Chrono Boost)  
  19  4:03  Pylon  
  19  4:05  Probe (Chrono Boost)  
  20  4:13  Probe (Chrono Boost), Cybernetics Core  
  21  4:21  Probe (Chrono Boost)  
  22  4:25  Probe (Chrono Boost)  
  22  4:29  Probe  
  24  4:37  Probe (Chrono Boost)  
  25  4:42  Probe (Chrono Boost)  
  26  4:48  Probe (Chrono Boost)  
  26  4:51  Probe (Chrono Boost)  
  28  4:53  Probe (Chrono Boost)  
  28  4:58  Stargate  
  28  4:59  Stargate  
  29  5:02  Probe  
  29  5:03  Probe  
  31  5:14  Probe  
  31  5:15  Probe  
  33  5:23  Nexus  
  33  5:27  Probe  
  34  5:35  Pylon  
  34  5:38  Pylon  
  34  5:40  Probe  
  35  5:44  Probe, Protoss Air Weapons Level 1  
  35  5:48  Phoenix (Chrono Boost)  
  38  5:52  Probe  
  41  5:58  Phoenix (Chrono Boost)  
  41  6:04  Probe, Photon Cannon  
  42  6:08  Assimilator  
  42  6:12  Phoenix (Chrono Boost), Assimilator  
  42  6:18  Probe  
  45  6:20  Probe  
  46  6:36  Phoenix  
  46  6:39  Probe x2  
  50  6:42  Phoenix  
  52  6:51  Probe x2  
  54  7:03  Probe  
  54  7:08  Phoenix x2  
  55  7:33  Phoenix x2  
  51  7:57  Probe  
  50  8:07  Probe (Chrono Boost)  
  50  8:12  Probe (Chrono Boost)  
  52  8:18  Phoenix  
  52  8:19  Probe (Chrono Boost)  
  55  8:23  Fleet Beacon  
  55  8:26  Probe x2 (Chrono Boost)  
  57  8:34  Probe x2  
  58  8:36  Photon Cannon  
  59  8:46  Probe  
  61  8:49  Phoenix x2  
  55  9:13  Pylon  
  55  9:16  Pylon  
  55  9:18  Anion Pulse-Crystals  
  55  9:20  Pylon  
  55  9:23  Pylon  
  55  9:27  Pylon  
  55  9:31  Robotics Facility  
  55  9:32  Pylon  
  55  9:35  Probe, Carrier  
  55  9:36  Pylon  
  55  9:38  Carrier  
  68  9:45  Nexus  
  68  9:47  Probe  
  68  9:48  Pylon  
  69  9:53  Pylon  
  69  9:59  Probe  
  70  10:09  Photon Cannon  
  70  10:11  Probe  
  70  10:13  Photon Cannon  
  71  10:17  Shield Battery  
  71  10:19  Pylon  
  71  10:23  Probe  
  72  10:31  Observer  
  73  10:36  Protoss Air Armor Level 1 (Chrono Boost)  
  73  10:37  Pylon  
  73  10:39  Carrier  
  73  10:40  Pylon  
  79  10:56  Carrier  
  85  11:32  Nexus  
  85  11:34  Photon Cannon  
  85  11:36  Photon Cannon  
  85  11:39  Photon Cannon  
  85  11:41  Pylon  
  85  11:46  Probe  
  86  11:53  Carrier  
  92  11:54  Pylon  
  92  11:58  Probe  
  93  12:03  Observer  
  94  12:09  Tempest  
  94  12:10  Probe  
  100  12:20  Pylon  
  101  12:22  Probe (Chrono Boost)  
  101  12:25  Observer, Assimilator  
  102  12:31  Assimilator  
  102  12:34  Probe (Chrono Boost)  
  103  12:38  Probe (Chrono Boost)  
  103  12:41  Protoss Air Weapons Level 2  
  104  12:49  Probe x2  
  106  12:52  Carrier  
  106  12:57  Carrier  
  118  13:01  Probe x2  
  120  13:12  Nexus  
  120  13:13  Probe x2  
  120  13:17  Photon Cannon  
  122  13:25  Probe x2  
  122  13:26  Photon Cannon  
  124  13:30  Photon Cannon  
  124  13:37  Probe  
  124  13:38  Mothership  
  133  13:50  Stargate  
  133  13:52  Pylon  
  133  13:59  Tempest  
  135  14:20  Pylon  
  135  14:26  Pylon  
  135  14:30  Pylon x2  
  135  14:32  Pylon  
  135  14:34  Carrier  
  141  14:40  Probe x3  
  141  14:42  Carrier  
  150  14:52  Probe x3  
  149  15:00  Pylon  
  149  15:04  Probe x2  
  149  15:05  Probe  
  143  15:11  Carrier  
  147  15:16  Probe x2  
  147  15:17  Probe  
  150  15:21  Photon Cannon  
  150  15:24  Photon Cannon  
  150  15:28  Probe, Photon Cannon  
  150  15:29  Observer  
  152  15:39  Carrier  
  158  15:47  Carrier  
  164  15:50  Protoss Air Armor Level 2 (Chrono Boost)  
  164  15:51  Observer, Probe x2  
  164  15:54  Assimilator  
  164  15:56  Assimilator  
  167  15:58  Assimilator  
  167  16:01  Assimilator  
  167  16:03  Probe x2  
  169  16:07  Stargate  
  169  16:08  Stargate  
  169  16:09  Photon Cannon  
  169  16:10  Pylon  
  169  16:15  Tempest, Probe x2  
  176  16:19  Photon Cannon  
  176  16:22  Photon Cannon  
  176  16:24  Shield Battery  
  176  16:27  Probe x2  
  176  16:29  Pylon  
  176  16:43  Tempest  
  152  17:41  Tempest x5  
  158  18:22  Protoss Air Weapons Level 3  
  158  18:24  Tempest x3  
  173  18:39  Probe  
  167  19:53  Tempest  
  164  21:21  Nexus  
Show
View Real Time Build Order
Export as new Build Order

Massa Terran - Winner!

Build Orders: Banshee Rush 

Get SALT Encoding   

  12  0:00  SCV  
  13  0:12  SCV  
  14  0:24  SCV  
  14  0:28  Supply Depot  
  15  0:29  Refinery  
  15  0:49  SCV  
  16  0:51  Barracks  
  16  1:01  SCV  
  17  1:09  Supply Depot  
  17  1:14  SCV  
  18  1:26  SCV  
  19  1:39  Factory  
  20  1:43  Orbital Command  
  20  1:45  Marine  
  20  1:52  Refinery  
  20  2:09  SCV  
  20  2:11  Barracks Tech Lab  
  21  2:21  SCV  
  22  2:34  Starport  
  22  2:35  Command Center  
  22  2:38  Factory Tech Lab  
  22  2:40  SCV  
  23  2:53  SCV  
  23  2:54  Engineering Bay  
  24  3:18  Factory Tech Lab, SCV  
  25  3:20  Banshee  
  25  3:25  Cloaking Field  
  25  3:26  Supply Depot  
  28  3:30  SCV  
  29  3:37  Stimpack  
  29  3:40  Marine  
  30  3:44  SCV  
  31  3:50  Orbital Command, Supply Depot  
  31  4:00  Marine  
  31  4:02  SCV  
  33  4:03  Banshee  
  36  4:14  SCV  
  37  4:18  Siege Tank  
  37  4:19  Marine  
  37  4:21  SCV  
  42  4:26  SCV  
  43  4:33  SCV  
  43  4:37  Marine  
  45  4:38  SCV  
  45  4:44  Barracks  
  46  4:45  SCV  
  46  4:46  Medivac  
  46  4:50  Widow Mine, SCV  
  49  4:55  Marine  
  50  5:04  Command Center  
  50  5:09  SCV x2  
  50  5:12  Refinery, Marine  
  50  5:13  Refinery  
  53  5:19  Missile Turret  
  53  5:21  SCV, Missile Turret  
  53  5:22  Terran Infantry Weapons Level 1  
  53  5:25  Armory  
  54  5:30  Marine  
  55  5:43  Missile Turret  
  52  5:58  SCV  
  52  5:59  SCV  
  52  6:02  Missile Turret  
  52  6:03  Missile Turret  
  54  6:05  Missile Turret  
  54  6:07  Barracks Reactor  
  54  6:11  SCV x2  
  56  6:17  Barracks, Missile Turret  
  56  6:19  Missile Turret  
  56  6:20  Barracks, Terran Vehicle Weapons Level 1  
  56  6:23  SCV x2  
  56  6:25  Medivac  
  59  6:34  Combat Shield  
  59  6:35  Marine  
  59  6:38  SCV x2  
  62  6:40  Missile Turret  
  62  6:45  Sensor Tower  
  62  6:51  Marine x2  
  62  6:53  Marine  
  63  7:06  Marine  
  58  7:08  Marine  
  58  7:09  Marine x2  
  58  7:11  Marine  
  62  7:24  Marine  
  62  7:26  Marine  
  62  7:27  Marine x2  
  62  7:29  Marine  
  67  7:33  Supply Depot  
  67  7:35  Supply Depot  
  67  7:37  Supply Depot  
  67  7:41  Marine  
  62  7:44  Marine  
  62  7:50  Medivac  
  63  7:56  Widow Mine  
  63  7:57  Marine  
  63  7:58  Marine x2  
  68  8:17  Widow Mine  
  70  8:20  Medivac  
  72  8:29  Missile Turret  
  72  8:30  Missile Turret  
  72  8:31  Missile Turret  
  72  8:40  Marauder, Marine x2  
  72  8:41  Marine x2  
  78  8:47  Siege Tank  
  81  8:50  Medivac  
  83  8:58  Marine x2  
  83  9:00  Missile Turret  
  83  9:02  Marauder  
  87  9:08  Barracks Reactor, Barracks Tech Lab  
  87  9:16  Marine x2  
  87  9:23  Marauder  
  89  9:26  Siege Tank  
  92  9:34  Marine  
  93  9:43  Supply Depot  
  93  9:44  Supply Depot  
  93  9:45  Supply Depot x2  
  93  9:46  Supply Depot  
  93  9:48  Supply Depot  
  93  9:51  Planetary Fortress  
  93  10:03  Smart Servos  
  93  10:05  Marauder, Marine x2, Medivac, Widow Mine, SCV, Concussive Shells  
  93  10:06  SCV  
  103  10:17  SCV  
  103  10:18  SCV  
  105  10:24  Refinery  
  105  10:27  Marauder  
  107  10:28  Refinery, Command Center  
  107  10:29  SCV x2  
  107  10:30  SCV  
  107  10:33  Marauder  
  107  10:34  Marine x4  
  116  10:41  SCV x2  
  116  10:42  SCV  
  119  10:45  Medivac  
  119  10:48  Terran Infantry Weapons Level 2, Marauder  
  123  10:51  Marine  
  123  10:52  Engineering Bay  
  123  10:54  Marauder  
  125  11:09  Marauder  
  125  11:10  Marine x3  
  125  11:11  Marine  
  131  11:15  Medivac  
  131  11:16  Marauder  
  131  11:17  Thor  
  140  11:20  Armory  
  140  11:23  Terran Infantry Armor Level 1  
  140  11:28  Marine  
  141  11:32  Supply Depot  
  141  11:33  Supply Depot  
  141  11:35  Supply Depot  
  141  11:38  Missile Turret  
  141  11:39  Marine x3  
  141  11:40  Marauder x2, Missile Turret  
  141  11:44  Medivac  
  141  11:46  Marine  
  151  11:52  SCV  
  151  11:53  SCV x2  
  154  11:56  Supply Depot  
  154  11:57  Marine x3  
  154  11:58  Supply Depot  
  154  11:59  Supply Depot  
  157  12:01  Marauder x2, Missile Turret  
  157  12:04  Thor  
  157  12:05  SCV x2  
  169  12:14  Medivac  
  172  12:15  SCV  
  172  12:17  SCV x2  
  172  12:22  Missile Turret, Supply Depot  
  174  12:23  Marauder  
  174  12:25  Missile Turret  
  174  12:26  Missile Turret  
  176  12:30  Missile Turret  
  176  12:34  Sensor Tower  
  176  12:36  SCV  
  176  12:37  SCV x2  
  179  12:50  Planetary Fortress  
  177  12:54  Terran Vehicle Weapons Level 2, Terran Vehicle And Ship Armor Level 1  
  177  13:02  Missile Turret  
  177  13:06  Missile Turret  
  177  13:11  Thor  
  182  13:30  Missile Turret  
  182  13:50  Missile Turret  
  181  14:10  Marauder x2, Marine x2  
  181  14:11  Thor  
  181  14:12  Medivac  
  179  14:18  Terran Infantry Armor Level 2  
  179  14:19  Terran Infantry Weapons Level 3  
  172  14:31  Marauder  
  172  14:32  Marauder  
  176  14:42  Medivac  
  170  14:53  Thor  
  170  14:59  Marine  
  145  15:00  Marine x5  
  117  15:12  Medivac  
  111  15:17  Marine x5  
  111  15:18  Marine  
  111  15:20  Factory  
  111  15:21  Factory  
  117  15:23  Barracks  
  117  15:26  Missile Turret  
  117  15:30  SCV, Missile Turret x2  
  117  15:31  SCV x3  
  117  15:32  Command Center  
  117  15:34  Terran Vehicle And Ship Armor Level 2  
  117  15:35  Terran Vehicle Weapons Level 3  
  121  15:36  Thor  
  121  15:42  SCV, Medivac  
  129  15:43  SCV x2  
  129  15:49  Missile Turret  
  132  15:57  Starport  
  132  16:04  SCV x4  
  135  16:06  Barracks  
  135  16:09  Refinery  
  136  16:12  Medivac, Ghost Academy  
  136  16:14  Refinery  
  136  16:16  SCV x3  
  136  16:17  Missile Turret  
  141  16:23  Factory Tech Lab x2  
  141  16:24  Barracks Tech Lab  
  141  16:37  Missile Turret  
  141  16:42  Marauder  
  141  16:43  Marauder x2, Marine x4  
  141  17:01  Marine x4  
  134  17:02  Marine  
  134  17:04  Marauder x3  
  144  17:10  Thor  
  162  17:18  Marine  
  162  17:19  Marine x3  
  148  17:25  Marauder  
  148  17:26  Marauder  
  140  17:36  Marine  
  132  17:37  Marine x3  
  119  17:47  Marauder x2  
  111  17:51  Medivac  
  111  17:52  Medivac  
  111  17:53  Thor  
  111  17:58  Marine x4  
  122  18:05  Terran Infantry Armor Level 3  
  124  18:08  Marauder x2  
  124  18:11  Barracks  
  110  18:14  Barracks x2  
  110  18:15  Barracks  
  110  18:16  Marine x4  
  111  18:29  Marauder, Command Center  
  111  18:30  Marauder  
  111  18:34  Marine x4  
  111  18:44  Thor  
  111  18:46  Command Center  
  102  18:50  Marine  
  102  18:51  Marauder, Marine  
  102  18:52  Marine x3  
  109  18:58  SCV x3  
  112  19:09  Marauder  
  114  19:12  Marauder  
  116  19:30  Marauder  
  118  19:55  Missile Turret x2  
  118  19:56  Missile Turret  
  118  20:01  SCV x2  
  98  20:20  Missile Turret  
  93  20:46  SCV, Missile Turret  
  93  20:47  SCV  
  94  21:12  SCV x2  
Tags
 
Add a new tag
Caveats
  • Supply blocks, unpowered buildings, or Contaminate may cause inaccurate times.
  • Supply counts are checked every 10 seconds.